 Dungeon Crawl Stone Soup version 0.31.0-1-g2c135a0 (webtiles) character file.

Game seed: 3106271649347762332

181 GnostlyHero the Chopper (level 5, -13/47 HPs)
             Began as a Minotaur Berserker on Jan 20, 2024.
             Was a Believer of Trog.
             Mangled by a sleepcap (16 damage)
             ... on level 3 of the Dungeon.
             The game lasted 00:19:34 (2536 turns).

GnostlyHero the Chopper (Minotaur Berserker)        Turns: 2536, Time: 00:19:34

Health: -13/47     AC:  9    Str: 24    XL:     5   Next: 34%
Magic:  4/4        EV:  2    Int:  4    God:    Trog [**....]
Gold:   246        SH:  0    Dex:  9    Spells: 4/4 levels left

rFire   + . .        a - +0 hand axe
rCold   x . .        (no shield)
rNeg    . . .        s - +0 chain mail
rPois   .            (helmet restricted)
rElec   .            (no cloak)
rCorr   .            (no gloves)
SInv    .            (no boots)
Will    +....        (no amulet) Stlth
                     m - ring of fire
HPRegen 0.27/turn    A - ring of willpower
MPRegen 0.09/turn

%: no passive effects
@: sleeping
A: horns 2, retaliatory headbutt
a: Renounce Religion, Berserk, Trog's Hand


You were on level 3 of the Dungeon.
You worshipped Trog.
Trog was pleased with you.
You visited 1 branch of the dungeon, and saw 4 of its levels.

You collected 246 gold pieces.

Inventory:

Hand Weapons
 a - a +0 hand axe (weapon)
 c - a +0 club
 e - a +0 dagger
 j - a +0 whip
 n - a +0 spear
 p - a +0 dagger
 r - a +0 war axe
 v - a +0 short sword
 B - a +0 short sword
 C - a +0 club
 F - a +0 club
 K - a +0 dagger
 N - a +0 long sword
 P - a +0 mace
 S - a +0 sling
Missiles
 f - 4 boomerangs
 E - 38 stones (quivered)
Armour
 b - a +0 animal skin
 s - a +0 chain mail (worn)
 t - a +0 robe
 D - a +0 chain mail
 J - a +0 robe
 O - a +0 robe
 R - a +0 barding
Jewellery
 m - a ring of fire (left hand)
 A - a ring of willpower (right hand)
 H - a ring of ice
 I - a ring of see invisible
Talismans
 l - a flux talisman
Scrolls
 h - a scroll of amnesia {unknown}
 i - a scroll of poison {unknown}
 k - 3 scrolls of identify {unknown}
 o - a scroll of fear {unknown}
 u - 4 scrolls of silence {unknown}
 x - 2 scrolls of enchant weapon {unknown}
 y - a scroll of blinking {unknown}
 L - a scroll of teleportation {unknown}
 M - a scroll of brand weapon {unknown}
Potions
 d - a potion of ambrosia {unknown}
 g - a potion of might {unknown}
 q - a potion of cancellation {unknown}
 w - 2 potions of haste {unknown}
 z - 2 potions of enlightenment {unknown}
 G - 2 potions of brilliance {unknown}
 Q - a potion of heal wounds {unknown}
 T - a potion of curing {unknown}


   Skills:
 + Level 4.8 Fighting
 + Level 5.5 Axes
 + Level 3.5 Armour
 + Level 3.0 Dodging
 + Level 0.2 Stealth


You had 4 spell levels left.
You didn't know any spells.
Your spell library contained the following spells:

 Spells                   Type           Power      Damage    Failure   Level
 Ensorcelled Hibernation  Hex/Ice        0%         N/A       99%         2
 Passwall                 Erth           0%         N/A       100%        3
 Swiftness                Air            0%         N/A       100%        3


Dungeon Overview and Level Annotations

Branches:
Dungeon (4/15)
 Temple: D:4-7

Altars:
Cheibriados


Innate Abilities, Weirdness & Mutations

You have a pair of horns on your head.
You reflexively headbutt those who attack you in melee.


Message History

You fall asleep.
The giant cockroach bites you but does no damage.
The sleepcap releases spores at you!!
You wake up.
You are engulfed in a cloud of soporific spores!
You are unaffected.
The giant cockroach barely misses you.
You slash the giant cockroach!
You kill the giant cockroach!
Trog accepts your kill.
You hit the sleepcap but do no damage.
The sleepcap is moderately damaged.
The sleepcap releases spores at you!
You are engulfed in a cloud of soporific spores!
You are unaffected.
You hit the sleepcap but do no damage.
The sleepcap is moderately damaged.
The sleepcap barely misses you.
You hit the sleepcap but do no damage.
The sleepcap is moderately damaged.
The sleepcap releases spores at you.
You are engulfed in a cloud of soporific spores!
You fall asleep.
The sleepcap releases spores at you!
You wake up.
* * * LOW HITPOINT WARNING * * *
You are engulfed in a cloud of soporific spores!
You are unaffected.
There is a stone staircase leading up here.
The sleepcap releases spores at you.
* * * LOW HITPOINT WARNING * * *
You climb upwards.
There is a stone staircase leading down here.
The sleepcap attacks as it pursues you! The sleepcap barely misses you.
The sleepcap attacks as it pursues you!
The sleepcap releases spores at you but does no damage.
The sleepcap attacks as it pursues you! The sleepcap releases spores at you.
* * * LOW HITPOINT WARNING * * *
You are engulfed in a cloud of soporific spores!
You fall asleep.
The sleepcap releases spores at you!
You die...

#.#.# ########..........#.#
#...# #..#########.# ###.#
#.......# #.# #.# #.#####.# #.#
#.########## #.# #.# #.#
#..........# #.# #.####..
##.########.# #.#####......#
#...# #.# #..........∩.. ##...#
###@#########.÷##... ##.)..#
###.f...#######..##...
##.#.#####................##∩..
#.#.........>....########.#....
##...#.###.#.....# #.#....
##..#.# #.#.....# #.#.♣..
#..#.###.###.### #####.#....
#........# #.# #.....##...
#.##.##### #.# #.######...


You could see a sleepcap.

Vanquished Creatures
  An ice beast (D:3)
  4 adders
  A dart slug (D:1)
  6 endoplasms
  3 giant cockroaches
  8 goblins
  6 hobgoblins
  A quokka (D:3)
  4 ball pythons
  4 bats
  2 frilled lizards
  7 kobolds
  A rat (D:3)
48 creatures vanquished.

Notes
Turn   | Place    | Note
-------+----------+-------------------------------------------
     0 | D:1      | GnostlyHero the Minotaur Berserker began the quest for the
                  | Orb.
     0 | D:1      | Reached XP level 1. HP: 19/19 MP: 0/0
    96 | D:1      | Reached XP level 2. HP: 18/27 MP: 1/1
   239 | D:1      | Reached skill level 4 in Axes
   622 | D:2      | Reached XP level 3. HP: 33/33 MP: 2/2
   671 | D:2      | You fall into a shaft and drop 1 floor!
   848 | D:3      | Found a snail-covered altar of Cheibriados.
   916 | D:2      | Reached ** piety under Trog
  1697 | D:3      | Noticed an ice beast
  1706 | D:3      | Killed an ice beast
  1707 | D:3      | Reached skill level 5 in Axes
  1707 | D:3      | Reached XP level 4. HP: 41/41 MP: 3/3
  1707 | D:3      | Reached XP level 5. HP: 47/47 MP: 4/4
  1946 | D:3      | Found a faded altar of an unknown god.
  2520 | D:4      | HP: 1/47 [sleepcap (5)]
  2536 | D:3      | Mangled by a sleepcap

Illustrated notes

Levels and vault maps discovered:
D:1:      roderic_crop_circles_arrival_small, layout_rooms, grunt_decor_junction
D:2:      layout_basic, kennysheep_generic_room_8
D:3:      layout_loops_ring, cheibriados_altar_1,
          hellmonk_ecumenical_altar_arch_garden, minmay_joined_circles
D:4:      layout_loops_cross, minmay_surrounded, uniq_blork_the_orc

Skill      XL: |  1  2  3 |
---------------+----------+-----
Fighting       | 4 |  4.8
Axes           | 4 5 |  5.5
Armour         | 3 |  3.5
Dodging        | 3 |  3.0
Stealth        | |  0.2

Action                     |  1- 3 |  4- 6 || total
---------------------------+-------+-------++-------
  Melee: Hand axe          |    80 |    51 ||   131
         Headbutt          |    13 |     2 ||    15
 Armour: Animal skin       |    18 |       ||    18
         Chain mail        |    27 |    39 ||    66
  Dodge: Dodged            |    38 |    20 ||    58
